 Dungeon Crawl Stone Soup version 0.31-a0-631-g285b096dc4 (webtiles) character file.

Game seed: 9843158938524096532

597 Crownlay the Cleaver (level 7, 0/62 HPs)
             Began as a Hill Orc Monk on Aug 26, 2023.
             Was a Believer of Beogh.
             Slain by an orc warrior
             ... wielding a +0 war axe
              (3 damage)
             ... on level 5 of the Dungeon.
             The game lasted 00:06:17 (3596 turns).

Crownlay the Cleaver (Hill Orc Monk)                Turns: 3596, Time: 00:06:18

Health: 0/62       AC: 11    Str: 16    XL:     7   Next: 40%
Magic:  7/7        EV: 12    Int: 16    God:    Beogh [**....]
Gold:   316        SH:  0    Dex: 13    Spells: 6/6 levels left

rFire   . . .        a - +0 hand axe
rCold   + . .        d - orb {light}
rNeg    . . .        A - +3 leather armour {rC+}
rPois   .            (no helmet)
rElec   .            x - +0 cloak
rCorr   .            (no gloves)
SInv    .            (no boots)
Will    .....        (no amulet)
Stlth   +            e - +6 ring of intelligence
HPRegen 0.30/turn    t - +4 ring of protection
MPRegen 0.10/turn

%: no passive effects
@: glowing
A: no striking features
a: Renounce Religion, Smiting


You were on level 5 of the Dungeon.
You worshipped Beogh.
Beogh was pleased with you.
You visited 1 branch of the dungeon, and saw 6 of its levels.
You also visited: Sewer.

You collected 316 gold pieces.

Inventory:

Hand Weapons
 a - a +0 hand axe (weapon)
Missiles
 l - 4 boomerangs
Armour
 d - an orb of light (worn)
 x - a +0 cloak (worn)
 A - a +3 leather armour of cold resistance (worn)
Jewellery
 e - a +6 ring of intelligence (left hand)
 t - a +4 ring of protection (right hand)
Wands
 f - a wand of acid (4)
 u - a wand of polymorph (7)
Scrolls
 b - a scroll of torment {unknown}
 h - 2 scrolls of immolation
 i - 2 scrolls of fog
 j - a scroll of fear {unknown}
 m - a scroll of enchant weapon {unknown}
 p - a scroll of blinking
 s - a scroll of revelation {unknown}
 v - 3 scrolls of enchant armour
 w - 4 scrolls of teleportation {unknown}
 y - a scroll of amnesia {unknown}
Potions
 c - a potion of ambrosia
 g - a potion of curing
 k - a potion of mutation {unknown}
 n - a potion of heal wounds {unknown}
 o - a potion of might {unknown}
 q - a potion of degeneration {unknown}
 r - a potion of berserk rage {unknown}
 z - 2 potions of attraction {unknown}


   Skills:
 + Level 5.9 Fighting
 * Level 8.4 Axes
 + Level 2.9 Throwing
 - Level 2.4 Dodging
 + Level 0.2 Invocations


You had 6 spell levels left.
You didn't know any spells.
Your spell library contained the following spells:

 Spells                   Type           Power      Damage    Failure   Level
 Gell's Gravitas          Tloc           0%         N/A       67%         3
 Teleport Other           Tloc           0%         N/A       67%         3
 Dispersal                Tloc           0%         N/A       100%        6


Dungeon Overview and Level Annotations

Branches:
Dungeon (6/15)             Temple (0/1) D:5           Sewer (visited)

Altars:
Ru

Shops:
D:1 [=

Annotations:
D:3 Sigmund


Message History

You hit the orc warrior but do no damage.
The orc warrior is heavily wounded.
The orc warrior hits you with a +0 war axe!
You hit the orc warrior.
The orc warrior is heavily wounded.
The orc warrior barely misses you.
You barely miss the orc warrior.
The orc warrior is heavily wounded.
The orc warrior hits you with a +0 war axe!
You completely miss the orc warrior.
The orc warrior is heavily wounded.
The orc warrior closely misses you.
You hit the orc warrior but do no damage.
The orc warrior is heavily wounded.
The orc warrior hits you with a +0 war axe!
* * * LOW HITPOINT WARNING * * *
You hit the orc warrior but do no damage.
The orc warrior is heavily wounded.
The orc warrior closely misses you.
You hit the orc warrior but do no damage.
The orc warrior is heavily wounded.
The orc warrior hits you with a +0 war axe!
* * * LOW HITPOINT WARNING * * *
It was a potion of curing.
You feel better.
The orc warrior hits you with a +0 war axe!
* * * LOW HITPOINT WARNING * * *
You feel better. The orc warrior closely misses you.
You barely miss the orc warrior.
The orc warrior is heavily wounded.
You hit the orc warrior.
The orc warrior is heavily wounded.
The orc warrior hits you but does no damage.
You hit the orc warrior but do no damage.
The orc warrior is heavily wounded.
The orc warrior hits you with a +0 war axe!
* * * LOW HITPOINT WARNING * * *
You hit the orc warrior but do no damage.
The orc warrior is heavily wounded.
The orc warrior hits you with a +0 war axe.
You die...

.......######.###........###..
....... ##.##.##.#......# ##.
..... .. #.#.#......# #. ....
###. .#..##....###.. #...#
#..####....... # 8... #.##
##...#.+ .#.8#.)####..## #..##
....).o..##...###....#
#@)##.......##..#
#.#..#.##....# >8.#
.####.).....#..###..
....###....###..# ..
........)..# #.. .
#...#####..# . . ## #..# #..#
....


You could see an orc warrior.

Vanquished Creatures
  A phantom (D:6)
  2 bullfrogs (Sewer)
  A scorpion (D:5)
  3 hounds
  An orc wizard (D:5)
  9 adders
  A river rat (D:5)
  2 worms
  4 dart slugs
  7 orcs
  11 ball pythons
  9 endoplasms
  13 giant cockroaches
  2 goblins
  3 hobgoblins
  6 jackals
  9 kobolds
  14 quokkas
  3 bats
  11 frilled lizards
  4 rats
116 creatures vanquished.

Vanquished Creatures (others)
  An orc priest (D:5)
  2 orcs (D:5)
3 creatures vanquished.

Grand Total: 119 creatures vanquished

Notes
Turn   | Place    | Note
-------+----------+-------------------------------------------
     0 | D:1      | Crownlay the Hill Orc Monk began the quest for the Orb.
     0 | D:1      | Reached XP level 1. HP: 19/19 MP: 1/1
   213 | D:1      | Reached XP level 2. HP: 17/27 MP: 2/2
   639 | D:1      | Found Ymyleqef's Armour Emporium.
   786 | D:1      | Found Eploryal's One-of-a-Kind Rings.
   884 | D:1      | Reached skill level 5 in Axes
  1076 | D:2      | Reached XP level 3. HP: 30/33 MP: 3/3
  1138 | D:2      | Found a sacrificial altar of Ru.
  1216 | D:2      | Found a faded altar of an unknown god.
  1738 | D:2      | Reached XP level 4. HP: 37/41 MP: 4/4
  2028 | D:3      | Reached skill level 1 in Throwing
  2040 | D:3      | Reached skill level 6 in Axes
  2041 | D:3      | Reached XP level 5. HP: 25/47 MP: 5/5
  2351 | D:3      | Noticed Sigmund
  2804 | D:4      | You fall into a shaft and drop 2 floors!
  2820 | D:6      | Noticed a phantom
  2831 | D:6      | Reached skill level 5 in Fighting
  2831 | D:6      | Reached XP level 6. HP: 45/56 MP: 6/6
  2845 | D:6      | Reached skill level 7 in Axes
  2914 | D:5      | Entered Level 5 of the Dungeon
  3051 | D:5      | Found a glowing drain.
  3066 | Sewer    | Entered a sewer
  3189 | Sewer    | Reached XP level 7. HP: 56/61 MP: 7/7
  3382 | Sewer    | Reached skill level 8 in Axes
  3524 | D:5      | Found a staircase to the Ecumenical Temple.
  3538 | D:5      | Became a worshipper of Beogh the Brigand
  3538 | D:5      | Reached * piety under Beogh
  3538 | D:5      | Reached ** piety under Beogh
  3590 | D:5      | HP: 1/62 [orc warrior/+0 war axe (12)]
  3595 | D:5      | HP: 3/62 [orc warrior/+0 war axe (14)]
  3596 | D:5      | Slain by an orc warrior

Illustrated notes

Levels and vault maps discovered:
D:1:      scummos_arrival_hexagon, layout_loops_corners, serial_shops, shop,
          nicolae_shop_unique_rings, minivault_11, minmay_misc_feat_rows
D:2:      layout_basic, basic_ecumenical_altar, basic_altar,
          kennysheep_generic_room_9
D:3:      layout_rooms, kennysheep_potato, uniq_sigmund
D:4:      layout_basic, kennysheep_generic_room_5
D:5:      layout_layer_cave, minitemple, mainiacjoe_overflow_divided_tiny,
          temple_statues, portal_sewer_entry_e, minmay_stone_trees_medium,
          guppyfry_early_orc_mine
D:6:      layout_rooms, uniq_duvessa

Skill      XL: |  1  2  3  4  5  6  7 |
---------------+----------------------+-----
Fighting       | 4 5 |  5.9
Axes           | 5 6 7 8 |  8.4
Throwing       | 1 2 |  2.9
Dodging        | |  2.4
Invocations    | |  0.2

Action                     |  1- 3 |  4- 6 |  7- 9 || total
---------------------------+-------+-------+-------++-------
  Melee: Hand axe          |   118 |   187 |   136 ||   441
 Invoke: Convert to Beogh  |       |       |     1 ||     1
    Use: Scroll            |       |     3 |       ||     3
         Potion            |       |       |     2 ||     2
 Armour: Robe              |    16 |       |       ||    16
         Chain mail        |    14 |    51 |       ||    65
         Leather armour    |       |    47 |    45 ||    92
  Dodge: Dodged            |    59 |   102 |    64 ||   225

Table legend: (Time is in decaauts)
 A = Elapsed time spent in this place.
 B = Non-inter-level travel time spent in this place.
 C = Inter-level travel time spent in this place.
 D = Time resting spent in this place.
 E = Time spent auto-exploring this place.
 F = Levels seen in this place.
 G = Mean time per level.
                   A        B        C        D        E       F      G
               +--------+--------+--------+--------+--------+-----+--------+
         Total |   3643 |   3456 |    187 |      0 |   2505 |   7 |  520.4 |
       Dungeon |   3212 |   3025 |    187 |      0 |   2300 |   6 |  535.3 |
         Sewer |    430 |    430 |      0 |      0 |    204 |   1 |  430.0 |
               +--------+--------+--------+--------+--------+-----+--------+

Top non-repeatable levels by time:
     D:1: 1022 daAuts
     D:2: 970 daAuts
     D:3: 518 daAuts
   Sewer: 430 daAuts
     D:4: 297 daAuts
     D:5: 295 daAuts
     D:6: 109 daAuts
